 Dungeon Crawl Stone Soup version 0.30.1-11-g7821555f0a (webtiles) character file.

Game seed: 7885227818957888838

10826 Peloso the Carver (level 11, -7/151 HPs)
             Began as a Minotaur Fighter on Nov 14, 2023.
             Was a High Priest of Okawaru.
             Mangled by Snorg (22 damage)
             ... on level 10 of the Dungeon.
             The game lasted 00:23:28 (10281 turns).

Peloso the Carver (Minotaur Fighter)               Turns: 10281, Time: 00:23:29

Health: -7/151     AC: 18    Str: 22    XL:     11   Next: 41%
Magic:  10/10      EV:  8    Int:  5    God:    Okawaru [*****.]
Gold:   469        SH:  6    Dex: 13    Spells: 10/10 levels left

rFire   + . .        a - +3 long sword
rCold   . . .        d - +0 buckler
rNeg    . . .        E - +0 plate armour
rPois   .            k - +2 hat
rElec   .            (no cloak)
rCorr   .            (no gloves)
SInv    .            J - +0 pair of boots
Will    .....        K - amulet of regeneration Stlth
                     e - ring of protection from fire
HPRegen 1.25/turn    (no ring)
MPRegen 0.12/turn

%: no passive effects
@: berserking, very quick
A: horns 2, retaliatory headbutt
a: Renounce Religion, Heroism, Finesse, Duel


You were on level 10 of the Dungeon.
You worshipped Okawaru.
Okawaru was extremely pleased with you.
You visited 1 branch of the dungeon, and saw 10 of its levels.
You also visited: Bailey.

You collected 469 gold pieces.

Inventory:

Hand Weapons
 a - a +3 long sword (weapon)
 b - a +1 hand axe of flaming
 c - a +0 long sword of draining
Armour
 d - a +0 buckler (worn)
 f - a +0 chain mail
 k - a +2 hat (worn)
 E - a +0 plate armour (worn)
 J - a +0 pair of boots (worn)
Jewellery
 e - a ring of protection from fire (left hand)
 K - an amulet of regeneration (around neck)
 M - the amulet of Pabom {Spirit rF+}
   (You found it on level 10 of the Dungeon)

   [amulet of guardian spirit]

   It causes incoming damage to be divided between your reserves of health and
   magic.
   rF:        It protects you from fire.
Wands
 B - a wand of digging (6)
 D - a wand of light (12)
 F - a wand of mindburst (3)
 H - a wand of polymorph (7)
Scrolls
 g - 2 scrolls of vulnerability {unknown}
 h - 2 scrolls of magic mapping {unknown}
 j - 3 scrolls of enchant weapon
 m - a scroll of blinking
 o - 4 scrolls of teleportation
 p - 2 scrolls of fear
 s - a scroll of poison
 t - a scroll of acquirement
 u - 2 scrolls of amnesia
 x - a scroll of silence
 y - 2 scrolls of butterflies {unknown}
 z - 2 scrolls of immolation {unknown}
 G - 2 scrolls of enchant armour
 I - a scroll of torment {unknown}
 L - a scroll of identify
Potions
 i - a potion of might
 l - a potion of mutation
 n - 4 potions of flight
 q - 4 potions of curing
 v - a potion of lignification
 w - a potion of attraction {unknown}
 A - 2 potions of magic {unknown}
 C - 2 potions of degeneration {unknown}


   Skills:
 + Level 10.4 Fighting
 + Level 13.1 Long Blades
 + Level 11.0 Armour
 + Level 3.7 Dodging
 + Level 1.4 Stealth
 + Level 9.0 Shields
 + Level 1.2 Invocations
 + Level 1.3 Evocations


You had 10 spell levels left.
You didn't know any spells.
Your spell library contained the following spells:

 Spells                   Type           Power      Damage    Failure   Level
 Poisonous Vapours        Pois/Air       0%         N/A       100%        2
 Inner Flame              Hex/Fire       0%         N/A       100%        3
 Mephitic Cloud           Conj/Pois/Air  0%         N/A       100%        3
 Volatile Blastmotes      Fire/Tloc      0%         2d10      100%        3
 Flame Wave               Conj/Fire      0%         2d4       100%        4
 Fulminant Prism          Conj/Hex       0%         3d5       100%        4
 Iskenderun's Mystic Bla  Conj/Tloc      0%         2d3       100%        4
 Sticky Flame             Conj/Fire      0%         2d3       100%        4
 Freezing Cloud           Conj/Ice/Air   0%         6-21      100%        5
 Lee's Rapid Deconstruct  Erth           0%         3d4*      100%        5
 Starburst                Conj/Fire      0%         6d3       100%        6
 Fire Storm               Conj/Fire      0%         5d1       100%        9


Dungeon Overview and Level Annotations

Branches:
Dungeon (10/15)            Temple (0/1) D:4            Lair (0/5) D:10
    Orc (0/2) D:9          Bailey (visited)

Altars:
Ashenzari
Cheibriados
Gozag
Hepliaklqana
Kikubaaqudgha
Okawaru
Ru
Sif Muna
Trog

Annotations:
D:6 2 transporters, aleksiErkki's ghost, novice TrGl
D:9 3 runed translucent doors
D:10 Snorg


Innate Abilities, Weirdness & Mutations

You have a pair of horns on your head.
You reflexively headbutt those who attack you in melee.


Message History

Snorg bites you! Snorg claws you but does no damage. You block Snorg's attack.
The orc hits you with a +0 club.
You barely miss Snorg. You headbutt Snorg.
Snorg is heavily wounded.
You block Snorg's attack. Snorg claws you!
* * * LOW HITPOINT WARNING * * *
Snorg barely misses you. You block the orc's attack.
You slash Snorg! Your headbutt misses Snorg.
Snorg is severely wounded.
You feel like a meek peon again.
You block Snorg's attack. x2; Snorg claws you but does no damage.
You slash Snorg! You headbutt Snorg.
Snorg is severely wounded.
Snorg barely misses you. You block Snorg's attack. x2
The orc barely misses you. You block Snorg's attack.
Snorg claws you but does no damage. x2
You hit Snorg. You headbutt Snorg!
Snorg is severely wounded.
You block the orc's attack. Snorg barely misses you.
Snorg claws you but does no damage. x2
You barely miss Snorg. Your headbutt misses Snorg.
Snorg is severely wounded.
Snorg barely misses you. You furiously retaliate!
You headbutt Snorg. Snorg claws you but does no damage. Snorg claws you!
* * * LOW HITPOINT WARNING * * *
The orc hits you but does no damage.
A red film seems to cover your vision as you go berserk!
You feel yourself moving faster!
You feel mighty! Snorg bites you.
* * * LOW HITPOINT WARNING * * *
Snorg claws you but does no damage. You block Snorg's attack.
The orc hits you but does no damage. Snorg bites you.
* * * LOW HITPOINT WARNING * * *
Snorg claws you!
* * * LOW HITPOINT WARNING * * *
Snorg claws you!
* * * LOW HITPOINT WARNING * * *
You slash Snorg! Your headbutt misses Snorg.
Snorg is almost dead.
Snorg bites you!!
You die...

############.....#.~≈≈
................~≈≈ #
#..######.....##~~≈ .
#. #.....##≈≈≈ #.#.
##########≈≈≈ #.#.
#......# #.~~ ...
####......###..≈
###T##..............~
#..o@..##......###.≈.
#.#.#<.##............
#.#..#######......~
#.#..# #......~ #.#..#
#.....~. #.#..#
#####..).... #.#...
............ #.#.##
####........ #.#
#..).....


You could see Snorg (berserk) and an orc.

Vanquished Creatures
  2 orc knights (Bailey)
  Maggie (D:7)
  An unseen horror zombie (D:9)
  2 trolls
  2 hornets (D:9)
  Prince Ribbit (D:7)
  2 wraiths (D:9)
  2 shadows (D:9)
  2 wyverns (D:9)
  5 yaks (D:7)
  4 fire bats (D:8)
  A steam dragon (D:8)
  Menkaure (D:5)
  2 acid dragons (D:9)
  2 vampire mosquitoes (D:9)
  A two-headed ogre zombie (D:9)
  A hell hound (D:8)
  2 water moccasins
  12 orc warriors
  A black bear (D:5)
  A hornet zombie (D:9)
  2 sky beasts (D:7)
  2 wolves (D:10)
  2 centaurs
  3 ogres
  3 kobold brigands
  3 phantoms
  3 bullfrogs
  2 necrophages (D:9)
  A scorpion (D:7)
  11 wights
  2 troll zombies (D:9)
  4 electric eels (D:10)
  2 lava snakes (D:8)
  A human zombie (D:9)
  5 jellies
  3 orc priests
  2 sleepcaps
  7 hounds
  5 iguanas
  5 orc wizards
  Natasha (twice) (D:3)
  5 ogre zombies (D:9)
  2 mummies (D:9)
  A howler monkey zombie (D:9)
  7 gnolls
  3 adders
  A shadow imp (D:6)
  3 white imps
  2 ufetubi (D:6)
  A worm (D:2)
  4 dart slugs
  39 orcs
  2 bats (D:2)
  9 endoplasms
  2 giant cockroaches
  10 goblins
  2 hobgoblins
  17 kobolds
  3 quokkas
  5 ball pythons
  3 frilled lizards
  2 goblin skeletons (D:9)
  2 goblin zombies (D:9)
  3 hobgoblin zombies (D:9)
  4 orc skeletons (D:9)
  14 orc zombies (D:9)
  5 rats
269 creatures vanquished.

Vanquished Creatures (others)
  3 fire vortices (D:8)
3 creatures vanquished.

Grand Total: 272 creatures vanquished

Notes
Turn   | Place    | Note
-------+----------+-------------------------------------------
     0 | D:1      | Peloso the Minotaur Fighter began the quest for the Orb.
     0 | D:1      | Reached XP level 1. HP: 19/19 MP: 0/0
   189 | D:1      | Reached XP level 2. HP: 25/27 MP: 1/1
   555 | D:1      | Found a faded altar of an unknown god.
   555 | D:1      | Noticed a blizzard demon
  1054 | D:2      | Reached skill level 3 in Long Blades
  1054 | D:2      | Reached XP level 3. HP: 29/33 MP: 2/2
  1807 | D:3      | Noticed Natasha
  1815 | D:3      | Killed Natasha
  1816 | D:3      | Reached XP level 4. HP: 34/40 MP: 3/3
  1880 | D:3      | Reached skill level 4 in Long Blades
  1980 | D:3      | Noticed Natasha
  1985 | D:3      | Killed Natasha
  2209 | D:4      | Reached XP level 5. HP: 8/47 MP: 4/4
  2213 | D:4      | Reached skill level 1 in Dodging
  2346 | D:4      | Reached skill level 5 in Long Blades
  2518 | D:4      | Found an iron altar of Okawaru.
  2519 | D:4      | Found a bloodstained altar of Trog.
  2530 | D:4      | Became a worshipper of Warmaster Okawaru
  2640 | D:4      | Found a staircase to the Ecumenical Temple.
  2820 | D:4      | Found a hazy altar of Hepliaklqana.
  2857 | D:4      | Reached XP level 6. HP: 49/53 MP: 5/5
  3044 | D:5      | Entered Level 5 of the Dungeon
  3114 | D:4      | Reached skill level 5 in Armour
  3188 | D:5      | Reached skill level 5 in Fighting
  3278 | D:5      | Reached skill level 6 in Long Blades
  3319 | D:5      | Noticed a water moccasin
  3330 | D:5      | Killed a water moccasin
  3330 | D:5      | Reached * piety under Okawaru
  3331 | D:5      | Reached XP level 7. HP: 32/61 MP: 6/6
  3470 | D:5      | Noticed Menkaure
  3477 | D:5      | Killed Menkaure
  3694 | D:5      | Reached skill level 7 in Long Blades
  3781 | D:5      | Reached ** piety under Okawaru
  3782 | D:5      | Reached XP level 8. HP: 67/70 MP: 7/7
  4297 | D:6      | Reached skill level 8 in Long Blades
  4303 | D:6      | Identified a scroll of acquirement
  5003 | D:6      | Noticed a hornet
  5153 | D:6      | Reached skill level 9 in Long Blades
  5187 | D:6      | Noticed aleksiErkki's ghost (novice TrGl)
  5209 | D:6      | Reached skill level 5 in Shields
  5277 | D:6      | Found a transporter.
  5277 | D:6      | Found a transporter.
  5745 | D:7      | Reached *** piety under Okawaru
  5772 | D:7      | Reached XP level 9. HP: 60/79 MP: 8/8
  5836 | D:7      | Found a flagged portal.
  5872 | Bailey   | Entered a bailey
  6155 | Bailey   | Reached skill level 10 in Long Blades
  6473 | Bailey   | Noticed an orc knight
  6473 | Bailey   | Noticed an orc knight
  6587 | Bailey   | Killed an orc knight
  6588 | Bailey   | Reached skill level 1 in Evocations
  6613 | Bailey   | Killed an orc knight
  6613 | Bailey   | Reached **** piety under Okawaru
  6614 | Bailey   | Reached skill level 11 in Long Blades
  6614 | Bailey   | Reached skill level 1 in Invocations
  6625 | Bailey   | Reached XP level 10. HP: 85/88 MP: 9/9
  6649 | Bailey   | Got Byxolyxuy's Folio of the Destructive Bonfire
  6761 | D:7      | Reached skill level 1 in Stealth
  6796 | D:7      | Found a sacrificial altar of Ru.
  6807 | D:7      | Noticed Maggie
  6819 | D:7      | Killed Maggie
  6893 | D:7      | Found a broken altar of Ashenzari.
  6960 | D:7      | Noticed Prince Ribbit
  7001 | D:7      | Killed Prince Ribbit
  7554 | D:8      | Found a shimmering blue altar of Sif Muna.
  7623 | D:8      | Reached ***** piety under Okawaru
  8142 | D:8      | Found an opulent altar of Gozag.
  8201 | D:8      | Found a snail-covered altar of Cheibriados.
  8411 | D:9      | Reached skill level 10 in Armour
  8456 | D:9      | Found a staircase to the Orcish Mines.
  8496 | D:9      | Reached skill level 12 in Long Blades
  8644 | D:9      | Reached XP level 11. HP: 91/99 MP: 10/10
  8666 | D:9      | Reached skill level 10 in Fighting
  8857 | D:9      | Paralysed by a hornet for 2 turns
  8943 | D:9      | Noticed a cyan ugly thing
  8944 | D:9      | Found a runed translucent gate.
  8944 | D:9      | Noticed a red ugly thing
  8945 | D:9      | Noticed a glowing orange brain
  8946 | D:9      | Found a runed translucent gate.
  8946 | D:9      | Found a runed translucent gate.
  8946 | D:9      | Noticed a brown ugly thing
  8948 | D:9      | Noticed a white ugly thing
  8949 | D:9      | Noticed a brown ugly thing
  9397 | D:9      | Found an ancient bone altar of Kikubaaqudgha.
  9586 | D:10     | Entered Level 10 of the Dungeon
  9904 | D:10     | Reached skill level 13 in Long Blades
  9906 | D:10     | Received a gift from Okawaru
  9946 | D:10     | Found a staircase to the Lair.
 10146 | D:10     | Identified the amulet of Pabom {Spirit rF+}
 10258 | D:10     | Noticed Snorg
 10281 | D:10     | Mangled by Snorg

Illustrated notes

Levels and vault maps discovered:
D:1:      lightli_arrival_flooded_house, layout_basic,
          dreamdust_ecumenical_altar_sealed_demon
D:2:      layout_rooms, kennysheep_pointless_box
D:3:      layout_loops_cross, uniq_natasha
D:4:      layout_loops_ring, grunt_temple_overflow_bloody_war,
          lemuel_doored_altar, minmay_temple_entry_proselytizer
D:5:      layout_loops_ring, uniq_menkaure
D:6:      layout_basic, gammafunk_ghost_hive, hangedman_decor_growths,
          minivault_23, minmay_quadrilaterals
D:7:      layout_cave_pools, mainiacjoe_overflow_paths,
          nicolae_ru_sacrificial_ziggurat, enter_bailey_5, uniq_prince_ribbit1,
          uniq_maggie
D:8:      layout_basic, mainiacjoe_overflow_alcove_4,
          mainiacjoe_overflow_catwalk_spiral, hangedman_incinerator
D:9:      layout_loops_ring, lemuel_mausoleum_altar_kikubaaqudgha,
          zombieorc2_lemuel, ploomutoo_gammafunk_ghost_potion_laboratory,
          corexii_hall_statues_l
D:10:     layout_basic, erik_lair_island, uniq_snorg

Skill      XL: |  1  2  3  4  5  6  7  8  9 10 11 |
---------------+----------------------------------+-----
Shields        | 4 5 7 8 9 |  9.0
Armour         | 4 5 6 8 9 10 11 | 11.0
Fighting       | 4 5 6 7 8 9 10 | 10.4
Long Blades    | 3 4 5 6 7 9 11 12 13 | 13.1
Dodging        | 1 2 3 |  3.7
Evocations     | 1 |  1.3
Invocations    | 1 |  1.2
Stealth        | 1 |  1.4

Action                     |  1- 3 |  4- 6 |  7- 9 | 10-12 || total
---------------------------+-------+-------+-------+-------++-------
  Melee: Long sword        |   104 |    86 |   281 |   549 ||  1020
         Headbutt          |    15 |    22 |    59 |   130 ||   226
 Invoke: Heroism           |       |       |     6 |     3 ||     9
  Evoke: Wand              |       |       |     6 |     7 ||    13
    Use: Potion            |     2 |     1 |     3 |     1 ||     7
         Scroll            |     2 |       |     9 |       ||    11
 Armour: Scale mail        |    40 |     3 |       |       ||    43
         Chain mail        |       |    46 |   129 |       ||   175
         Plate armour      |       |       |     5 |   324 ||   329
  Dodge: Dodged            |    40 |    46 |    97 |   170 ||   353
  Block: Buckler           |    24 |    16 |    79 |   159 ||   278
